 Dungeon Crawl Stone Soup version 0.30-a0-55-g90e3122c3a (webtiles) character file.

Game seed: 6704432559609448894

7248 kae the Arsonist (level 10, -8/50 HPs)
             Began as a Deep Elf Fire Elementalist on Sept 9, 2022.
             Was a Believer of Ru.
             Mangled by an eight-headed hydra (13 damage)
             ... on level 11 of the Dungeon.
             The game lasted 00:11:33 (12078 turns).

kae the Arsonist (Deep Elf Fire Elementalist)      Turns: 12078, Time: 00:11:34

Health: -8/50      AC: 10    Str:  5    XL:     10   Next: 88%
Magic:  23/26      EV: 12    Int: 29    God:    Ru [**....]
Gold:   468        SH:  5    Dex: 15    Spells: 13/29 levels left

rFire   . . .      SeeInvis .    (no weapon)
rCold   + . .      Faith    .    (no shield)
rNeg    . . .      Spirit   .    q - +2 robe "Ungin" {Int+4}
rPois   .          Reflect  +    (no helmet)
rElec   .          Harm     .    (no cloak)
rCorr   .          Rampage  .    l - +1 pair of gloves
Will    +....                    i - +3 pair of mountain boots {steadfast, rC+}
Stlth   ++........               x - amulet of reflection
HPRegen 0.16/turn                (no ring)
MPRegen 0.20/turn                (no ring)

@: unable to read
A: inability to read after injury 2, missing an eye
a: Renounce Religion


You were on level 11 of the Dungeon.
You worshipped Ru.
Ru was pleased with you.
You visited 2 branches of the dungeon, and saw 12 of its levels.

You collected 468 gold pieces.


Innate Abilities, Weirdness & Mutations

You sometimes lose the ability to read scrolls when taking damage.
You are missing an eye, making it more difficult to aim.


   Skills:
 - Level 2.4 Dodging
 - Level 2.4 Stealth
 + Level 10.0 Spellcasting
 * Level 11.3 Conjurations
 - Level 3.0 Hexes
 * Level 11.8 Fire Magic
 + Level 2.8 Air Magic


You had 13 spell levels left.
You knew the following spells:

 Your Spells              Type           Power      Damage    Failure   Level
a - Foxfire               Conj/Fire      100%       2x1d9     1%          1
b - Scorch                Fire           100%       2d10      1%          2
c - Conjure Flame         Conj/Fire      69%        6-21      1%          3
d - Inner Flame           Hex/Fire       55%        N/A       1%          3
e - Flame Wave            Conj/Fire      69%        2d16      1%          4
f - Swiftness             Air            30%        N/A       3%          3

Your spell library contained the following spells:

 Spells                   Type           Power      Damage    Failure   Level
 Shock                    Conj/Air       100%       1d9       1%          1
 Apportation              Tloc           28%        N/A       3%          1
 Necrotise                Necr           56%        1d6       3%          1
 Summon Small Mammal      Summ           56%        N/A       3%          1
 Blink                    Tloc           28%        N/A       5%          2
 Lesser Beckoning         Tloc           14%        N/A       11%         3
 Ozocubu's Armour         Ice            14%        N/A       11%         3
 Airstrike                Air            15%        2d(3-19)  12%         4
 Manifold Assault         Tloc           14%        N/A       71%         5
 Ozocubu's Refrigeration  Ice            7%         4d9       100%        7

Inventory:

Missiles
 c - 81 stones
 o - a throwing net {=f!f}
 r - 18 boomerangs
 s - 5 javelins
 G - 22 poisoned darts
 P - a curare-tipped dart {=f}
Armour
 a - a +0 robe
 i - the +3 pair of mountain boots (worn) {steadfast, rC+}
   (You acquired it on level 3 of the Dungeon)

   It prevents involuntary movement, except for blinking, teleportation, or
   banishment.
   rC:        It protects you from cold.
 l - a +1 pair of gloves (worn)
   (You found it on level 1 of the Dungeon)
 q - the +2 robe "Ungin" (worn) {Int+4}
   (You found it on level 3 of the Dungeon)

   Int:       It affects your intelligence (+4).
Magical Staves
 p - a staff of poison {!a}
   (You found it on level 3 of the Dungeon)
 L - a staff of earth {!a}
   (You found it on level 8 of the Dungeon)
 V - a staff of poison {!a}
   (You found it on level 11 of the Dungeon)
Jewellery
 x - an amulet of reflection (around neck)
   (You found it on level 5 of the Dungeon)
 C - a ring of ice
   (You found it on level 1 of the Dungeon)
Wands
 w - a wand of roots (10)
   (You found it on level 5 of the Dungeon)
 H - a wand of polymorph (6)
   (You found it on level 8 of the Dungeon)
 K - a wand of flame (25)
   (You found it on level 8 of the Dungeon)
 Q - a wand of quicksilver (6)
   (You found it on level 10 of the Dungeon)
 S - a wand of digging (5)
   (You took it off an orc priest on level 10 of the Dungeon)
Scrolls
 f - 2 scrolls of teleportation {@r4}
 k - a scroll of vulnerability {!r!r}
 m - 2 scrolls of immolation {unknown}
 n - a scroll of amnesia {unknown}
 y - 4 scrolls of poison {!r}
 z - a scroll of fog {unknown}
 A - 2 scrolls of enchant weapon {unknown}
 B - a scroll of acquirement
 F - a scroll of summoning {unknown}
 M - a scroll of silence {unknown}
 N - a scroll of fear
 R - a scroll of identify {@r1}
 T - a scroll of enchant armour
 U - 3 scrolls of blinking {!r}
Potions
 b - 2 potions of magic
 d - a potion of brilliance {unknown}
 e - 2 potions of curing {@q1}
 g - 3 potions of heal wounds {@q2}
 h - 2 potions of attraction {!q}
 j - a potion of flight
 t - 2 potions of lignification {unknown}
 u - 2 potions of haste {@q3}
 v - 3 potions of degeneration {!q}
 D - a potion of resistance {unknown}
 E - 2 potions of might {unknown}
 I - a potion of cancellation {unknown}
 J - 2 potions of invisibility {unknown}
 O - 2 potions of mutation {unknown}

Dungeon Overview and Level Annotations

Branches:
Dungeon (11/15) Zot: 26357  Temple (1/1) D:7 Zot: 5865    Lair (0/5) D:11
    Orc: D:9-12

Altars:
Ashenzari
Cheibriados
Elyvilon
Fedhas
Gozag
Hepliaklqana
Kikubaaqudgha
Makhleb
Nemelex Xobeh
Okawaru
Qazlal
Ru
Sif Muna
Trog
Vehumet
Wu Jian
Xom
Yredelemnul
Zin
The Shining One

Shops:
D:4 (   D:7 *

Annotations:
D:3 exclusion: kobold brigand
D:4 exclusion: ogre, Edmund
D:10 Snorg
D:11 exclusion: cyclops

#####........##.###..##.##.###
#....#.####......##)......
#....#....######.#####.###
#####......................#
+......#.#....#######....###
######...#....# ####.#####
#####.#### #.....#
#.########### #......
#...@DYYY.... #.#####
#########Y... #.# Y #.# #.#
#.# #..


You could see an eight-headed hydra and 4 yaks.


Message History

😕 MP[-2]
You lost 2 mp, and now have 14/26 mp.
Casting: Scorch (safe; 1% risk of failure)
Confirm with . or Enter, or press ? or * to list all spells.
You can't see any susceptible monsters within range! (Use Z to cast anyway.)
V - a staff of poison {!a}
Found a staircase to the Lair. 😎 HP[+6] MP[+12]
Your hp is fully restored (50).
Your mp is fully restored (26).
You see here a +0 robe.
You now have 449 gold pieces (gained 17).
You now have 461 gold pieces (gained 12).
Key pressed, stopping explore.
You now have 468 gold pieces (gained 7).
y - 4 scrolls of poison {!r} (gained 1)
A cyclops comes into view.
A cyclops is nearby!
A cyclops is nearby!
A cyclops is nearby!
Press: ? - help, v - describe, . - travel
Here: a cyclops, quivering large rocks (asleep)
The floor.
Placed new exclusion.
A yak comes into view.
A yak is nearby!
A yak is nearby!
A yak is nearby!
Casting: Scorch (safe; 1% risk of failure)
Confirm with . or Enter, or press ? or * to list all spells.
You conjure some foxfire! 😎 MP[-1]
You lost 1 mp, and now have 25/26 mp.
A yak comes into view.
The yak bellows!
You hear a roar!
The foxfire hits the yak.
An eight-headed hydra comes into view.
The eight-headed hydra roars!
The eight-headed hydra moves out of view.
Unknown command.
Casting: Foxfire (safe; 1% risk of failure)
Confirm with . or Enter, or press ? or * to list all spells.
Okay, then.
Casting: Foxfire (safe; 1% risk of failure)
Confirm with . or Enter, or press ? or * to list all spells.
The fire begins to smoulder!
A yak comes into view. 😎 MP[-2]
You lost 2 mp, and now have 23/26 mp.
A yak comes into view.
The fire ignites!
Casting: Conjure Flame (safe; 1% risk of failure)
Confirm with . or Enter, or press ? or * to list all spells.
You conjure some foxfire!
The foxfire hits the yak. 😎 MP[-1]
You lost 1 mp, and now have 22/26 mp.
You hit the yak but do no damage.
The yak is engulfed in blazing flames.
The yak closely misses you.
Unknown command.
Okay, then.
Aiming: Quicksilver Bolt
Press: ? - help, Shift-Dir - straight line, f - yak
Aim: a yak (flame, moderately wounded, ally target, 66% to hit)
Okay, then.
The yak is engulfed in blazing flames.
The yak closely misses you. 😎 MP[+1]
Aiming: Quicksilver Bolt
Press: ? - help, Shift-Dir - straight line, f - eight-headed hydra
Aim: an eight-headed hydra (flame, 81% to hit)
The bolt of dispelling energy hits the eight-headed hydra!
The bolt of dispelling energy misses the yak.
The bolt of dispelling energy hits the yak! x2
The eight-headed hydra is engulfed in blazing flames.
The eight-headed hydra bites you! The eight-headed hydra bites you.
The eight-headed hydra closely misses you.
The eight-headed hydra barely misses you.
The eight-headed hydra bites you!
The eight-headed hydra completely misses you.
The eight-headed hydra bites you!
You feel threatened and lose the ability to read scrolls!
* * * LOW HITPOINT WARNING * * *
The eight-headed hydra bites you but does no damage. 😨 HP[-35]
You take 35 damage, and now have 15/50 hp.
MASSIVE DAMAGE!! (PAUSE)
Aiming: Quicksilver Bolt
Press: ? - help, Shift-Dir - straight line, f/p - eight-headed hydra
Aim: an eight-headed hydra (flame, heavily wounded, 81% to hit)
The bolt of dispelling energy hits the eight-headed hydra!
The bolt of dispelling energy hits the yak! x3
You can read scrolls again.
The eight-headed hydra is engulfed in blazing flames.
The eight-headed hydra bites you but does no damage.
You block the eight-headed hydra's attack.
The eight-headed hydra bites you but does no damage.
The eight-headed hydra bites you!
You feel threatened and lose the ability to read scrolls!
* * * LOW HITPOINT WARNING * * *
The eight-headed hydra bites you!
You die...

Skill      XL: |  1  2  3  4  5  6  7  8  9 10 |
---------------+-------------------------------+-----
Conjurations   | 2 3 4 5 6 7 9 11 | 11.3
Fire Magic     | 4 5 7 8 10 11 | 11.8
Spellcasting   | 4 5 6 7 8 10 | 10.0
Hexes          | 1 2 3 |  3.0
Air Magic      | 2 |  2.8
Dodging        | |  2.4
Stealth        | |  2.4

Action                   |  1- 3 |  4- 6 |  7- 9 | 10-12 || total
-------------------------+-------+-------+-------+-------++-------
Melee: Unarmed           |       |       |     6 |    13 ||    19
 Cast: Foxfire           |   108 |    90 |    98 |    63 ||   359
       Scorch            |     1 |    18 |    59 |    40 ||   118
       Conjure Flame     |       |     3 |    11 |    10 ||    24
       Flame Wave        |       |       |     4 |     4 ||     8
       Inner Flame       |       |       |       |     3 ||     3
Invok: Sacrifice Words   |       |       |     1 |       ||     1
       Sacrifice an Eye  |       |       |       |     1 ||     1
Evoke: Wand              |       |       |       |     3 ||     3
  Use: Scroll            |     5 |     6 |     2 |       ||    13
       Potion            |       |     1 |       |       ||     1
Armor: Robe              |     7 |     9 |    25 |    22 ||    63
Dodge: Dodged            |    14 |     6 |    44 |    32 ||    96
Block: Other             |       |       |    12 |    11 ||    23
       Reflection        |       |       |     2 |     1 ||     3

Levels and vault maps discovered:
D:1:      giann_bridges, layout_basic
D:2:      layout_loops_cross, shapermc_ecumenical_altar_venn
D:3:      cheibrodos_thug_alley, layout_basic
D:4:      layout_cave_pools, ashenzari_conservatory_becter, serial_shops, shop,
          cheibrodos_sewer_entry_drain, uniq_edmund
D:5:      layout_loops_cross, mainiacjoe_overflow_cross_hatched
D:6:      layout_basic, eino_curves_04, minivault_26
D:7:      layout_loops_cross, minmay_temple_entry_steel_oval, nicolae_good_shop
D:8:      layout_gridville, minmay_misc_feat_four_crosses
D:9:      layout_roguey
D:10:     layout_basic, nicolae_qazlal_general_emergency,
          nicolae_overflow_hidden_temple, uniq_snorg
D:11:     layout_basic, david_lair_shrubbed
Temple:   sentei_temple_godly_chess

Notes
Turn   | Place    | Note
-------+----------+-------------------------------------------
     0 | D:1      | kae the Deep Elf Fire Elementalist began the quest for the
                  | Orb.
     0 | D:1      | Reached XP level 1. HP: 10/10 MP: 6/6
     0 | D:1      | magus.rc [v1.11.3]
   114 | D:1      | You pick up a book of Air and begin reading...
   114 | D:1      | You add the spells Shock, Swiftness and Airstrike to your
                  | library.
   256 | D:1      | Reached XP level 2. HP: 15/15 MP: 5/8
   435 | D:1      | Reached skill level 2 in Conjurations
   850 | D:1      | Reached XP level 3. HP: 19/19 MP: 7/9
  1100 | D:2      | Reached skill level 4 in Fire Magic
  1106 | D:2      | Learned a level 2 spell: Scorch
  1601 | D:2      | You fall into a shaft and drop 2 floors!
  1703 | D:4      | Noticed an ogre
  1869 | D:4      | Found a broken altar of Ashenzari.
  1901 | D:3      | Identified a scroll of acquirement
  1901 | D:3      | Acquired the +3 pair of mountain boots {steadfast, rC+}
  1901 | D:3      | Found the +3 pair of mountain boots {steadfast, rC+}
  1917 | D:3      | Identified the +4 plate armour of the Known World {*Slow
                  | rPois Int+9 Stlth+}
  1937 | D:3      | You pick up a book of Cantrips and begin reading...
  1937 | D:3      | You add the spells Necrotise, Summon Small Mammal and
                  | Apportation to your library.
  1944 | D:3      | Reached XP level 4. HP: 24/24 MP: 9/11
  2199 | D:3      | Reached skill level 3 in Conjurations
  2359 | D:3      | Noticed a kobold brigand
  2362 | D:3      | HP: 5/24 [poisoned by a kobold brigand (curare-tipped
                  | dart)]
  2902 | D:3      | Identified the +2 robe "Ungin" {Int+4}
  3260 | D:2      | Found a faded altar of an unknown god.
  3579 | D:3      | Noticed a kobold brigand
  3645 | D:4      | Reached skill level 4 in Spellcasting
  3645 | D:4      | Found Mannie's Weapon Boutique.
  3701 | D:4      | You add the spells Ozocubu's Armour and Ozocubu's
                  | Refrigeration to your library.
  3910 | D:4      | Noticed Edmund
  3924 | D:4      | Reached XP level 5. HP: 28/28 MP: 9/13
  4289 | D:4      | Learned a level 3 spell: Conjure Flame
  4293 | D:4      | Learned a level 3 spell: Inner Flame
  4305 | D:5      | Entered Level 5 of the Dungeon
  4610 | D:5      | Reached skill level 5 in Fire Magic
  4679 | D:5      | Noticed an ogre
  4692 | D:5      | Killed an ogre
  4693 | D:5      | Reached skill level 4 in Conjurations
  4693 | D:5      | Reached skill level 1 in Hexes
  4693 | D:5      | Reached XP level 6. HP: 32/32 MP: 4/14
  4871 | D:5      | Reached skill level 2 in Hexes
  4962 | D:5      | Found a glowing golden altar of the Shining One.
  5187 | D:5      | Reached skill level 5 in Spellcasting
  5255 | D:5      | Reached skill level 5 in Conjurations
  5255 | D:5      | Reached XP level 7. HP: 36/36 MP: 13/16
  5273 | D:5      | Reached skill level 6 in Fire Magic
  5789 | D:6      | Noticed a yak
  5814 | D:6      | Killed a yak
  5815 | D:6      | Reached skill level 3 in Hexes
  6069 | D:6      | Reached skill level 6 in Conjurations
  6069 | D:6      | Reached skill level 7 in Fire Magic
  6165 | D:6      | Identified the +0 ring mail of the Farrier {rC++ MP-9}
  6229 | D:6      | Noticed a yak
  6275 | D:6      | Killed a yak
  6276 | D:6      | Reached skill level 6 in Spellcasting
  6276 | D:6      | Reached XP level 8. HP: 41/41 MP: 7/19
  6395 | D:6      | Reached skill level 7 in Conjurations
  6398 | D:6      | Reached skill level 8 in Fire Magic
  6428 | D:6      | Reached skill level 7 in Spellcasting
  6813 | D:7      | Learned a level 4 spell: Flame Wave
  6910 | D:7      | Reached XP level 9. HP: 45/45 MP: 10/21
  6995 | D:7      | Found a staircase to the Ecumenical Temple.
  7016 | D:7      | Reached skill level 8 in Conjurations
  7020 | Temple   | Entered the Ecumenical Temple
  7147 | Temple   | Became a worshipper of Ru the Awakened
  7357 | D:7      | Noticed a cyclops
  7374 | D:7      | HP: 8/45 [cyclops/large rock (37)]
  7670 | D:7      | Killed a cyclops
  7671 | D:7      | Reached skill level 9 in Fire Magic
  7857 | D:7      | Found Motzeaxtoi's Hallowed Reliquary.
  7882 | D:7      | Noticed an angel
  7956 | D:7      | Reached skill level 8 in Spellcasting
  8114 | D:7      | Reached skill level 9 in Conjurations
  8694 | D:8      | Gained mutation: You occasionally lose the ability to read
                  | scrolls when taking damage. [Ru sacrifice]
  8694 | D:8      | Gained mutation: You sometimes lose the ability to read
                  | scrolls when taking damage. [Ru sacrifice]
  8694 | D:8      | Reached * piety under Ru
  9125 | D:9      | Reached skill level 10 in Fire Magic
  9332 | D:9      | Reached XP level 10. HP: 50/50 MP: 13/24
  9434 | D:9      | Reached skill level 10 in Conjurations
  9585 | D:9      | Reached skill level 9 in Spellcasting
 10207 | D:9      | Learned a level 3 spell: Swiftness
 10232 | D:10     | Entered Level 10 of the Dungeon
 10279 | D:10     | Found a stormy altar of Qazlal.
 10583 | D:10     | Noticed Snorg
 10782 | D:10     | Reached skill level 11 in Fire Magic
 10782 | D:10     | Reached skill level 1 in Air Magic
 11264 | D:10     | You pick up a book of Spatial Translocations and begin
                  | reading...
 11264 | D:10     | You add the spells Blink, Lesser Beckoning and Manifold
                  | Assault to your library.
 11581 | D:11     | Gained mutation: You are missing an eye, making it more
                  | difficult to aim. [Ru sacrifice]
 11581 | D:11     | Reached ** piety under Ru
 11584 | D:11     | Noticed a two-headed ogre
 11595 | D:11     | Killed a two-headed ogre
 11603 | D:11     | Reached skill level 2 in Air Magic
 11824 | D:11     | Reached skill level 11 in Conjurations
 11889 | D:11     | Reached skill level 10 in Spellcasting
 11950 | D:11     | Found a staircase to the Lair.
 12045 | D:11     | Noticed a cyclops
 12069 | D:11     | Noticed an eight-headed hydra
 12078 | D:11     | HP: 5/50 [eight-headed hydra (11)]
 12078 | D:11     | Mangled by an eight-headed hydra

Vanquished Creatures
  A two-headed ogre (D:11)
  A cyclops (D:7)
  An unseen horror (D:11)
  A komodo dragon (D:11)
  A wyvern (D:9)
  2 wraiths
  15 yaks
  3 water moccasins
  An ice beast (D:6)
  2 orc warriors
  A sky beast (D:8)
  2 black bears
  An ogre (D:5)
  3 centaurs
  A necrophage (D:5)
  4 kobold brigands
  4 bullfrogs
  A gnoll sergeant (D:10)
  A scorpion (D:5)
  5 killer bees (D:9)
  6 howler monkeys
  2 gnoll boudas
  3 orc priests
  3 hounds
  4 iguanas (D:5)
  2 orc wizards
  17 gnolls
  6 adders
  2 shadow imps
  4 white imps
  2 ufetubi
  3 worms
  5 dart slugs
  22 orcs
  7 bats
  7 endoplasms
  A giant cockroach (D:3)
  2 goblins
  5 hobgoblins
  5 jackals (D:1)
  28 kobolds
  8 quokkas
  6 ball pythons
  3 frilled lizards
  5 rats
209 creatures vanquished.

Vanquished Creatures (others)
  593 foxfires
  18 plants (D:11)
611 creatures vanquished.

Grand Total: 820 creatures vanquished

Table legend:
 A = Non-vault XP
 B = Vault XP
 C = Vault XP percentage of total XP
 D = Non-vault monster count
 E = Vault monster count
 F = Vault count percentage of total count
                 A         B        C        D         E       F
            +---------+---------+-------+---------+---------+-------
      Total |    9959 |     396 |   3.8 |     196 |      13 |   6.2
            +---------+---------+-------+---------+---------+-------
        D:1 |      51 |       0 |   0.0 |      28 |       0 |   0.0
        D:2 |      44 |       0 |   0.0 |      15 |       0 |   0.0
        D:3 |      42 |      12 |  22.2 |      11 |       8 |  42.1
        D:4 |      58 |      12 |  17.1 |      10 |       4 |  28.6
        D:5 |     662 |       0 |   0.0 |      16 |       0 |   0.0
        D:6 |    1752 |       0 |   0.0 |      21 |       0 |   0.0
        D:7 |    1502 |       0 |   0.0 |      24 |       0 |   0.0
        D:8 |     420 |       0 |   0.0 |      11 |       0 |   0.0
        D:9 |    1987 |       0 |   0.0 |      34 |       0 |   0.0
       D:10 |     764 |       0 |   0.0 |      17 |       0 |   0.0
       D:11 |    2677 |     372 |  12.2 |       9 |       1 |  10.0
            +---------+---------+-------+---------+---------+-------

Illustrated notes

Table legend:
 A = Kills in this place as a percentage of kills in entire the game.
 B = Kills by you in this place as a percentage of kills by you in the entire game.
 C = Kills by friends in this place as a percentage of kills by friends in the entire game.
 D = Other kills in this place as a percentage of other kills in the entire game.
 E = Experience gained in this place as a percentage of experience gained in the entire game.
 F = Experience gained in this place divided by the number of levels of this place that you have seen.
                   A       B       C       D       E      F
               +-------+-------+-------+-------+-------+----------------------
         Total | 100.0 | 100.0 |   N/A |   N/A | 100.0 | 862.9
       Dungeon | 100.0 | 100.0 |   N/A |   N/A | 100.0 | 941.4
               +-------+-------+-------+-------+-------+----------------------

Table legend: (Time is in decaauts)
 A = Elapsed time spent in this place.
 B = Non-inter-level travel time spent in this place.
 C = Inter-level travel time spent in this place.
 D = Time resting spent in this place.
 E = Time spent auto-exploring this place.
 F = Levels seen in this place.
 G = Mean time per level.
                   A        B        C        D        E       F      G
               +--------+--------+--------+--------+--------+-----+--------+
         Total |  12105 |  11787 |    318 |    721 |   9389 |  12 | 1008.8 |
       Dungeon |  11970 |  11659 |    311 |    721 |   9269 |  11 | 1088.2 |
        Temple |    134 |    127 |      7 |      0 |    120 |   1 |  134.0 |
               +--------+--------+--------+--------+--------+-----+--------+

Top non-repeatable levels by time:
     D:3: 1424 daAuts
     D:5: 1393 daAuts
     D:6: 1332 daAuts
    D:10: 1216 daAuts
     D:7: 1153 daAuts
     D:1: 1093 daAuts
     D:9: 1028 daAuts
     D:4: 971 daAuts
     D:8: 888 daAuts
     D:2: 827 daAuts
    D:11: 641 daAuts
  Temple: 134 daAuts
